 Dungeon Crawl Stone Soup version 0.20-b1-2-gc5a9893 (webtiles) character file.

641 alfred1011 the Vandal (level 7, 0/56 HPs)
             Began as a Demonspawn Hunter on May 22, 2017.
             Was a Follower of Okawaru.
             Slain by a worker ant (3 damage)
             ... on level 3 of the Dungeon.
             The game lasted 00:15:12 (4436 turns).

alfred1011 the Vandal (Demonspawn Hunter)           Turns: 4436, Time: 00:15:13

Health: 0/56       AC:  8    Str: 19    XL:     7   Next: 26%
Magic:  7/7        EV: 14    Int: 13    God:    Okawaru [*.....]
Gold:   264        SH:  0    Dex: 13    Spells: 6/6 levels left

rFire    + + .     SeeInvis .   b - +0 short sword
rCold    . . .     Gourm    .   (no shield)
rNeg     . . .     Faith    .   m - +0 ring mail
rPois    .         Spirit   .   o - +0 helmet
rElec    .         Reflect  .   (no cloak)
rCorr    .         Harm     .   (no gloves)
MR       .....                  u - +0 pair of boots
Stlth    +.........             (no amulet)
Regen    1.2/turn               h - ring of protection from fire
MPRegen  0.1/turn               k - ring of protection from fire

@: mighty
A: repulsion field 2, powered by death 1
a: Heroism, Renounce Religion


You were on level 3 of the Dungeon.
You worshipped Okawaru.
Okawaru was aware of your devotion.
You were hungry.

You visited 1 branch of the dungeon, and saw 4 of its levels.

You collected 264 gold pieces.

Inventory:

Hand Weapons
 a - a +1 hunting sling
 b - a +0 short sword (weapon)
Missiles
 d - 16 sling bullets
 e - 62 stones (quivered)
Armour
 m - a +0 ring mail (worn)
 o - a +0 helmet (worn)
 u - a +0 pair of boots (worn)
Jewellery
 h - a ring of protection from fire (left hand)
 k - a ring of protection from fire (right hand)
 w - an uncursed ring of ice
Wands
 y - a wand of polymorph (0/24)
Scrolls
 c - 2 scrolls of recharging {unknown}
 i - 3 scrolls of amnesia
 n - a scroll of enchant weapon {unknown}
 p - a scroll of remove curse
 r - 6 scrolls of identify {unknown}
 t - 2 scrolls of random uselessness {unknown}
 A - a scroll of fog {unknown}
Potions
 j - a potion of invisibility {unknown}
 l - a potion of might
 v - a potion of flight {unknown}
 z - 2 potions of heal wounds {unknown}
Comestibles
 f - 4 bread rations
 g - 2 royal jellies
 q - 3 meat rations
 s - 6 fruits
 x - 3 chunks of flesh


   Skills:
 + Level 5.0 Fighting
 + Level 5.5 Slings
 + Level 3.9 Armour
 - Level 1.7 Dodging
 - Level 0.8 Stealth


You had 6 spell levels left.
You didn't know any spells.

Dungeon Overview and Level Annotations

Branches:
Dungeon (4/15)
 Temple: D:4-7

Altars:
Fedhas
Okawaru


Innate Abilities, Weirdness & Mutations

You are surrounded by a moderate repulsion field. (EV +3)
You regenerate a little health from kills.


Message History

Edmund is severely wounded.
Edmund hits you with a flail of protection.
* * * LOW HITPOINT WARNING * * *
The hobgoblin closely misses you.
You are feeling hungry.
You puncture Edmund!
Edmund is almost dead.
Edmund barely misses you.
The hobgoblin hits you but does no damage.
You puncture Edmund!
You kill Edmund!
Okawaru accepts your kill.
Your Fighting skill increases to level 5!
The hobgoblin hits you but does no damage.
You completely miss the worker ant.
The worker ant is severely wounded.
The hobgoblin hits you.
* * * LOW HITPOINT WARNING * * *
The worker ant bites you.
You die...

#...#.#.#.................
#...#.#.#.................
#...#.#.....##............
#...#.#.#.#.##............
#.........#...............
#.....#.#.#.###...........
#.....#.#.#.....#.###.....
#.......#.#.....#.###.....
####(..>a@g...............
########..)#.#####.....
####.........#.....
#......#.###.#.####
#.##.###.###.#.# #
#.##......##.#.# #
#.##########.#.# # #.#
#.#.# #
#####.##########.#.# #


You could see a worker ant and a hobgoblin.

Vanquished Creatures
  Edmund (D:3)
  A phantom (D:4)
  An ogre (D:4)
  The ghost of KeyserSoze the Sneak, an amateur SpAs (D:3)
  An orc priest (D:4)
  Ijyb (D:4)
  A hound skeleton (D:4)
  Robin (D:3)
  10 adders
  2 oozes (D:2)
  An adder skeleton (D:4)
  2 worms
  A dart slug (D:2)
  2 leopard geckos
  11 orcs
  4 giant cockroaches
  20 goblins
  10 hobgoblins
  13 jackals
  3 quokkas
  2 bats (D:1)
  5 frilled lizards
  8 kobolds
  6 rats
108 creatures vanquished.

Notes
Turn   | Place    | Note
-------+----------+-------------------------------------------
     0 | D:1      | alfred1011 the Demonspawn Hunter began the quest for the Orb.
     0 | D:1      | Reached XP level 1. HP: 16/16 MP: 1/1
   207 | D:1      | Gained mutation: You are surrounded by a mild repulsion field. (EV +2) [demonic ancestry]
   207 | D:1      | Reached XP level 2. HP: 22/22 MP: 2/2
   745 | D:2      | Reached skill level 1 in Armour
   900 | D:2      | Reached XP level 3. HP: 28/28 MP: 3/3
   999 | D:2      | Reached XP level 4. HP: 27/35 MP: 4/4
  1157 | D:2      | Found an iron altar of Okawaru.
  1171 | D:2      | Became a worshipper of Warmaster Okawaru
  1926 | D:3      | Noticed KeyserSoze's ghost (amateur SpAs)
  1959 | D:3      | Killed KeyserSoze's ghost
  1959 | D:3      | Gained mutation: You are surrounded by a moderate repulsion field. (EV +3) [demonic ancestry]
  1959 | D:3      | Reached XP level 5. HP: 41/41 MP: 5/5
  2427 | D:3      | Noticed Robin
  2936 | D:3      | Killed Robin
  3311 | D:4      | Found a blossoming altar of Fedhas.
  3501 | D:4      | Noticed a phantom
  3529 | D:4      | Killed a phantom
  3529 | D:4      | Reached * piety under Okawaru
  3529 | D:4      | Reached XP level 6. HP: 33/48 MP: 6/6
  3889 | D:4      | Reached skill level 5 in Slings
  3954 | D:4      | Noticed Ijyb
  3976 | D:4      | Killed Ijyb
  4299 | D:4      | Gained mutation: You regenerate a little health from kills. [demonic ancestry]
  4299 | D:4      | Reached XP level 7. HP: 55/55 MP: 7/7
  4365 | D:4      | Noticed Edmund
  4435 | D:3      | Killed Edmund
  4435 | D:3      | Reached skill level 5 in Fighting
  4436 | D:3      | Slain by a worker ant

Skill      XL: |  1  2  3  4  5  6  7 |
---------------+----------------------+-----
Armour         | 1 2 3 |  3.9
Slings         | 4 5 |  5.5
Fighting       | 3 4 5 |  5.0
Dodging        | |  1.7
Stealth        | |  0.8

Action                   |  1- 3 |  4- 6 |  7- 9 || total
-------------------------+-------+-------+-------++-------
Melee: Short sword       |       |    23 |    16 ||    39
       Unarmed           |       |    13 |       ||    13
 Fire: Hunting sling     |   110 |   280 |    32 ||   422
Evoke: Wand              |       |       |     1 ||     1
  Use: Scroll            |       |     4 |       ||     4
       Potion            |       |       |     1 ||     1
  Eat: Chunk             |       |     8 |       ||     8
       Royal jelly       |       |     1 |       ||     1
Armor: Leather armour    |    12 |       |       ||    12
       Ring mail         |       |    64 |    11 ||    75
       Skin              |       |     1 |       ||     1
Dodge: Dodged            |    30 |   176 |    44 ||   250
